 Dungeon Crawl Stone Soup version 0.17-a0-2122-g03d97ec (webtiles) character file.

1083 tp1 the Charmwright (level 8, -5/41 HPs)
             Began as a Deep Elf Conjurer on Oct 21, 2015.
             Slain by Pikel
             ... wielding a +2 whip of electrocution
              (8 damage)
             ... on level 6 of the Dungeon.
             The game lasted 00:32:44 (6350 turns).

tp1 the Charmwright (Deep Elf Conjurer)             Turns: 6350, Time: 00:32:44

Health: -5/41      AC:  7    Str:  7    XL:     8   Next: 8%
Magic:  1/17       EV: 13    Int: 23    God:
Gold:   245        SH:  0    Dex: 13    Spells: 5 memorised, 2 levels left

rFire  . . .     SeeInvis .     g - +0 short sword
rCold  . . .     Clarity  .     a - +0 robe
rNeg   . . .     SustAt   .     (no shield)
rPois  .         Gourm    .     (no helmet)
rElec  .         Spirit   .     (no cloak)
rCorr  +         Warding  .     i - +0 pair of gloves
rMut   .         Rnd*Tele +     (no boots)
MR     .....                    D - amulet of resist corrosion
Stlth  +++.......               s - ring of teleportation
                                k - +4 ring of protection

@: not resistant to hostile enchantments, fairly stealthy
A: clumsy 1, strong 1, no device heal 1
a: Evoke Teleportation


You were on level 6 of the Dungeon.
You were very hungry.

You visited 1 branch of the dungeon, and saw 6 of its levels.

You collected 245 gold pieces.

Inventory:

Hand Weapons
 g - a +0 short sword (weapon)
Missiles
 p - 6 needles of confusion
 u - 30 poisoned needles
Armour
 a - a +0 robe (worn)
 i - a +0 pair of gloves (worn)
 G - a +0 helmet
Jewellery
 k - a +4 ring of protection (left hand)
 o - an uncursed ring of protection from magic
 s - a ring of teleportation (right hand)
 D - an amulet of resist corrosion (around neck)
Wands
 v - a wand of enslavement (13)
 F - a wand of fire (1)
Scrolls
 e - a scroll of enchant armour {unknown}
 h - 4 scrolls of random uselessness {unknown}
 l - 6 scrolls of identify {unknown}
 m - a scroll of noise {unknown}
 w - a scroll of magic mapping {unknown}
 x - 2 scrolls of recharging {unknown}
 y - 2 scrolls of teleportation
 z - a scroll of blinking {unknown}
 C - a scroll of amnesia {unknown}
Potions
 d - a potion of lignification {unknown}
 n - a potion of resistance {unknown}
 q - 4 potions of flight {unknown}
 r - 3 potions of poison {unknown}
 t - 4 potions of curing
 A - a potion of haste {unknown}
 E - a potion of degeneration {unknown}
Books
 b - a book of Conjurations

   Spells                             Type                      Level
   a - Magic Dart                     Conjuration                  1
   b - Searing Ray                    Conjuration                  2
   c - Dazzling Spray                 Conjuration/Hexes            3
   d - Fulminant Prism                Conjuration/Hexes            4
   e - Iskenderun's Mystic Blast      Conjuration                  4
   f - Iskenderun's Battlesphere      Conjuration/Charms           5
Comestibles
 c - 4 bread rations
 f - 3 chunks of flesh
 j - a meat ration
 B - a beef jerky


   Skills:
 - Level 1.0 Short Blades
 - Level 1.0 Armour
 - Level 4.0 Dodging
 - Level 6.0 Stealth
 - Level 5.1 Spellcasting
 + Level 6.9 Conjurations
 - Level 7.0 Charms


You had 2 spell levels left.
You knew the following spells:

 Your Spells              Type           Power        Failure   Level  Hunger
a - Magic Dart            Conj           ####         1%          1    None
b - Searing Ray           Conj           #####.       1%          2    None
c - Dazzling Spray        Conj/Hex       ###.....     10%         3    ##.....
d - Iskenderun's Mystic   Conj           #####...     8%          4    ####...
e - Iskenderun's Battles  Conj/Chrm      #####...     17%         5    #####..


Dungeon Overview and Level Annotations

Branches:
Dungeon (6/15)
 Temple: D:4-7

Altars:
Ashenzari
Elyvilon
Fedhas
Okawaru
Sif Muna
Yredelemnul
Zin

Shops:
D:5 (

Annotations:
D:6 Pikel


Innate Abilities, Weirdness & Mutations

You are clumsy. (Dex -2)
Your muscles are strong. (Str +2)
Potions and wands are less effective at restoring your health.


Message History

Pikel is moderately wounded.
The slave closely misses you.
Pikel hits you with a whip of electrocution!
* * * LOW HITPOINT WARNING * * *
The slave barely misses you. The slave hits you.
* * * LOW HITPOINT WARNING * * *
Drink which item? (? for menu, Esc to quit)
It was a potion of curing.
You feel better. The slave closely misses you.
Pikel says, "I'm sure the Orcish Mines are around here somewhere..."
Pikel closely misses you. The slave hits you.
* * * LOW HITPOINT WARNING * * *
The slave hits you.
* * * LOW HITPOINT WARNING * * *
Drink which item? (? for menu, Esc to quit)
You feel better. The slave hits you.
* * * LOW HITPOINT WARNING * * *
Pikel hits you with a whip of electrocution.
* * * LOW HITPOINT WARNING * * *
You are electrocuted!
You die...

#####+# ....... ...?...
....... ....... ..... .#.
.......#+## .##'####'#.
#.pK..###.#.........
#..@p.#...'.........
+..p..#...#........#
#..*..+...#.......)'
#.....#'###........#
##+##..............#
#..............#
#........)......
+...............
+####+##+##...............


You could see Pikel and 3 slaves.

Vanquished Creatures
  2 ice beasts
  An ogre (D:5)
  A slave (D:6)
  2 phantoms
  A giant frog (D:5)
  A crimson imp (D:5)
  3 orc priests
  A hound (D:5)
  4 orc wizards
  A worker ant (D:4)
  An iguana (D:5)
  2 hound skeletons
  A worker ant zombie (D:6)
  10 adders
  2 oozes (D:3)
  5 worms
  3 giant geckos
  20 orcs
  6 giant cockroaches
  5 goblins
  7 hobgoblins
  11 jackals
  4 quokkas
  10 bats
  6 giant newts
  4 kobolds (D:1)
  7 rats
121 creatures vanquished.

Notes
Turn   | Place    | Note
--------------------------------------------------------------
     0 | D:1      | tp1 the Deep Elf Conjurer began the quest for the Orb.
     0 | D:1      | Reached XP level 1. HP: 10/10 MP: 6/6
   153 | D:1      | Reached XP level 2. HP: 15/15 MP: 5/8
   909 | D:2      | Reached skill level 1 in Short Blades
   909 | D:2      | Reached XP level 3. HP: 19/19 MP: 6/9
  1072 | D:2      | Reached skill level 1 in Armour
  1680 | D:2      | Reached XP level 4. HP: 24/24 MP: 4/11
  2458 | D:3      | Learned a level 2 spell: Searing Ray
  2462 | D:3      | Learned a level 3 spell: Dazzling Spray
  2668 | D:3      | Found a blossoming altar of Fedhas.
  2801 | D:3      | Reached skill level 5 in Conjurations
  2919 | D:3      | Reached XP level 5. HP: 28/28 MP: 7/13
  2926 | D:3      | Learned a level 4 spell: Iskenderun's Mystic Blast
  3199 | D:3      | Found a glowing silver altar of Zin.
  3447 | D:3      | Reached skill level 6 in Conjurations
  3562 | D:3      | Found a white marble altar of Elyvilon.
  3562 | D:3      | Found a blossoming altar of Fedhas.
  3588 | D:3      | Found an iron altar of Okawaru.
  3588 | D:3      | Found a deep blue altar of Sif Muna.
  3611 | D:3      | Found a white marble altar of Elyvilon.
  3611 | D:3      | Found a blossoming altar of Fedhas.
  3747 | D:3      | Found a blossoming altar of Fedhas.
  3791 | D:3      | Found a glowing silver altar of Zin.
  4109 | D:4      | Noticed a phantom
  4141 | D:4      | Killed a phantom
  4141 | D:4      | Reached XP level 6. HP: 11/32 MP: 0/14
  4665 | D:4      | Noticed an ice beast
  4739 | D:4      | Killed an ice beast
  4977 | D:5      | Entered Level 5 of the Dungeon
  4981 | D:5      | Found a basalt altar of Yredelemnul.
  4991 | D:5      | Found Atus's Weapon Shop.
  5018 | D:5      | Reached skill level 5 in Spellcasting
  5018 | D:5      | Reached XP level 7. HP: 36/36 MP: 0/16
  5025 | D:5      | Learned a level 5 spell: Iskenderun's Battlesphere
  5133 | D:5      | Reached skill level 1 in Charms
  5708 | D:5      | Reached skill level 5 in Charms
  5737 | D:5      | Found a shattered altar of Ashenzari.
  5853 | D:5      | Gained mutation: Potions and wands are less effective at restoring your health. [mutagenic glow]
  5883 | D:5      | Gained mutation: Your muscles are strong. (Str +2) [mutagenic glow]
  5940 | D:6      | Gained mutation: You are clumsy. (Dex -2) [mutagenic glow]
  6018 | D:5      | Reached skill level 7 in Charms
  6326 | D:6      | Reached XP level 8. HP: 41/41 MP: 6/17
  6337 | D:6      | Noticed Pikel
  6350 | D:6      | Slain by Pikel

Vault maps used:
D:1:      scummos_arrival_forest
D:3:      lemuel_doored_altar, gammafunk_temple_overflow_elements,
          gammafunk_temple_overflow_wave, first_bread, fedhas_altar_2
D:4:      minmay_statues_item
D:5:      kennysheep_mini, kennysheep_little_box, minmay_temple_entry_grid,
          serial_shops, nicolae_shop_stone, kennysheep_generic_room_13
D:6:      uniq_duvessa, uniq_pikel, uniq_edmund

Action                   |  1- 3 |  4- 6 |  7- 9 || total
-------------------------+-------+-------+-------++-------
Melee: Short sword       |       |    26 |    42 ||    68
 Cast: Magic Dart        |   100 |   110 |    80 ||   290
       Iskenderun's Myst |       |    14 |     1 ||    15
       Dazzling Spray    |       |     2 |       ||     2
       Searing Ray       |       |       |     8 ||     8
       Iskenderun's Batt |       |       |     8 ||     8
  Use: Scroll            |       |     3 |       ||     3
       Potion            |       |       |     2 ||     2
  Eat: Chunk             |     2 |    11 |     2 ||    15
       Fruit             |       |     2 |       ||     2
       Meat ration       |       |       |     1 ||     1
